 Dungeon Crawl Stone Soup version 0.28.0-45-g0d030f2227 (webtiles) character file.

Game seed: 6006678290322610489

3119 Icepheonix32 the Protected (level 9, 0/71 HPs)
             Began as a Demonspawn Fighter on Apr 16, 2022.
             Was an Initiate of Hepliaklqana.
             Slain by a yak (6 damage)
             ... on level 8 of the Dungeon.
             The game lasted 00:11:43 (9220 turns).

Icepheonix32 the Protected (Demonspawn Fighter)     Turns: 9220, Time: 00:11:45

Health: 0/71       AC: 13    Str: 23 (24) XL:     9   Next: 60%
Magic:  9/9        EV: 11    Int: 15 (16) God:    Hepliaklqana [......]
Gold:   44         SH:  0    Dex: 11 (12) Spells: 8/8 levels left

rFire   . . .      SeeInvis +   A - +7 whip "Gehar" {vorpal, Str+2}
rCold   . . .      Faith    .   (no shield)
rNeg    . . .      Spirit   .   b - +0 scale mail
rPois   +          Reflect  .   h - +1 helmet
rElec   .          Harm     .   e - +0 cloak
rCorr   .          Rampage  .   (no gloves)
Will    .....                   f - +0 pair of boots
Stlth   ..........              (no amulet)
HPRegen 0.21/turn               k - ring of willpower
MPRegen 0.11/turn               G - ring of Ekoit {Fly rPois Will- Int+7 SInv}

@: confused, mighty, ambrosia-drunk, attractive, flying
A: demonic guardian 1, powered by pain 1, demonic touch 1
a: Renounce Religion


You were on level 8 of the Dungeon.
You worshipped Hepliaklqana.
Hepliaklqana was noncommittal.
You visited 2 branches of the dungeon, and saw 9 of its levels.

You collected 525 gold pieces.
You spent 481 gold pieces at shops.

Inventory:

Hand Weapons
 a - a +0 war axe
 j - a +0 flail of venom
 l - a +0 dagger
 A - the +7 whip "Gehar" (weapon) {vorpal, Str+2}
   (You found it on level 5 of the Dungeon)

   It inflicts extra damage upon your enemies.
   Str:       It affects your strength (+2).
 F - a +2 flail of distortion
Missiles
 t - 27 poisoned darts (quivered)
 E - 5 boomerangs
Armour
 b - a +0 scale mail (worn)
 c - a +0 buckler
 e - a +0 cloak (worn)
 f - a +0 pair of boots (worn)
 h - a +1 helmet (worn)
 y - a +0 plate armour
Jewellery
 k - a ring of willpower (left hand)
 m - a ring of resist corrosion
 G - the ring of Ekoit (right hand) {Fly rPois Will- Int+7 SInv}
   (You bought it in a shop on level 7 of the Dungeon)

   [ring of poison resistance]

   Int:       It affects your intelligence (+7).
   rPois:     It protects you from poison.
   SInv:      It lets you see invisible.
   Fly:       It grants you flight.
   Will:      It decreases your willpower.
Scrolls
 o - a scroll of fear
 u - 2 scrolls of teleportation
 v - a scroll of torment
 B - a scroll of enchant weapon {unknown}
 C - 2 scrolls of immolation {unknown}
Potions
 d - 3 potions of degeneration
 p - a potion of resistance
 w - 2 potions of ambrosia


   Skills:
 + Level 6.6 Fighting
 + Level 2.9(3.2) Axes
 - Level 1.7(2.6) Maces & Flails
 + Level 8.0 Armour
 + Level 3.5 Dodging
 + Level 2.3 Stealth
 + Level 4.0 Shields
 * Level 5.1 Unarmed Combat


You had 8 spell levels left.
You didn't know any spells.
Your spell library contained the following spells:

 Spells                   Type           Power      Damage    Failure   Level
 Slow                     Hex            0%         N/A       52%         1
 Ensorcelled Hibernation  Hex/Ice        0%         N/A       65%         2
 Confusing Touch          Hex            0%         N/A       87%         3
 Gell's Gravitas          Tloc           0%         N/A       87%         3
 Lesser Beckoning         Tloc           0%         N/A       87%         3
 Ozocubu's Armour         Ice            0%         N/A       87%         3
 Spider Form              Tmut/Pois      0%         N/A       87%         3
 Teleport Other           Tloc           0%         N/A       87%         3
 Passage of Golubria      Tloc           0%         N/A       99%         4
 Metabolic Englaciation   Hex/Ice        0%         N/A       100%        5
 Silence                  Hex/Air        0%         N/A       100%        5
 Yara's Violent Unravell  Hex/Tmut       0%         3d3       100%        5
 Enfeeble                 Hex            0%         N/A       100%        7
 Lehudib's Crystal Spear  Conj/Erth      0%         10d2      100%        8


Dungeon Overview and Level Annotations

Branches:
Dungeon (8/15)             Temple (1/1) D:4
   Lair: D:8-11

Altars:
Cheibriados
Dithmenos
Elyvilon
Fedhas
Hepliaklqana
Kikubaaqudgha
Makhleb
Nemelex Xobeh
Okawaru
Qazlal
Ru
Sif Muna
Trog
Uskayaw
Vehumet
Wu Jian
Xom
Yredelemnul
The Shining One
Beogh

Shops:
D:7 =


Innate Abilities, Weirdness & Mutations

A weak demonic guardian rushes to your aid.
You sometimes gain a little power by taking damage.
Your touch may inflict minor irresistible damage on your foes.


Message History

You closely miss the yak. The orc closely misses you. The yak gores you.
* * * LOW HITPOINT WARNING * * *
Unknown command.
You whack the yak!
You kill the yak!
The orc hits you with a +0 war axe!
* * * LOW HITPOINT WARNING * * *
The yak closely misses you.
You feel your dexterity returning.
Your Armour skill increases to level 8!
You barely miss the yak.
You touch the yak.
The yak is lightly wounded.
The orc hits you with a +0 war axe.
* * * LOW HITPOINT WARNING * * *
The yak closely misses you.
Unknown command.
You barely miss the yak.
The yak is lightly wounded.
The orc hits you with a +0 war axe.
* * * LOW HITPOINT WARNING * * *
The yak misses you.
Unknown command.
You closely miss the yak.
You touch the yak.
The yak is lightly wounded.
The orc misses you. The yak closely misses you.
Unknown command.
You whack the yak!
The yak is severely wounded.
The orc barely misses you. The yak gores you.
* * * LOW HITPOINT WARNING * * *
Unknown command.
It was a potion of attraction.
You feel attractive to monsters. The orc hits you with a +0 war axe.
* * * LOW HITPOINT WARNING * * *
The yak gores you but does no damage.
It was a potion of ambrosia.
You are confused.
You feel invigorated. The orc closely misses you. The yak gores you.
You die...

*,,,,,,,,,,,.,##.........#.#.,,,,
,,,,,,,*,*,*..#............#*,,,,
,,,<,,******,....#...###...#**,,,
,,,,,,*******............#.##*,**
,,,,,,,,,,,,,$...#...#.......,,,*
,,,,,,*,,,***.####..##.......,,,*
,,,,,,*,,##**,* #))).......**,,*
,,,,,,*,,#...,#####))).#....,,,,*
,,,,,,**,.....#)@#o.)..#....,,,,,
,**,,,,,,,*#...oY#....##,...,*,,,
,*,,,,,>***##...z......#,,,***,,*
,,*,,,,,,** #..............**,,,*
,,,,,,,,,,* ##.#..≈≈≈≈≈≈≈..#,,,**
,,,,,,*,,,***#.#..≈≈####≈...,,,*
,,,,,***,,,**.....≈≈#,∩*≈..#*,,*
,,,,,*,,,,,*......≈≈+,,*≈...,,***
,,,,,,,,,,,.......≈≈+,,*≈,##,,,**


You could see a yak, a wight and an orc.

Vanquished Creatures
  A hornet (D:7)
  4 yaks (D:8)
  A water moccasin (D:6)
  A sky beast (D:3)
  2 black bears
  An ice beast (D:7)
  4 ogres
  A phantom (D:5)
  A bullfrog (D:7)
  3 kobold brigands
  A scorpion (D:5)
  A wyvern skeleton (D:7)
  A water moccasin skeleton (D:5)
  A wight (D:8)
  A centaur zombie (D:7)
  3 orc priests
  2 gnoll shamans (D:7)
  2 hounds
  5 iguanas
  A scorpion zombie (D:5)
  2 orc wizards
  Terence (D:2)
  A howler monkey zombie (D:5)
  12 gnolls
  An adder (D:3)
  A howler monkey skeleton (D:4)
  An ufetubus (D:6)
  2 worms
  A dart slug (D:1)
  14 orcs
  7 ball pythons
  5 bats
  10 endoplasms
  2 giant cockroaches
  8 goblins
  5 hobgoblins
  13 jackals
  19 kobolds
  2 quokkas (D:2)
  3 frilled lizards
  A jackal skeleton (D:4)
  9 rats
157 creatures vanquished.

Vanquished Creatures (collateral kills)
  A wraith (D:6)
  A water moccasin (D:6)
  3 kobolds (D:8)
5 creatures vanquished.

Vanquished Creatures (others)
  2 fungi (D:6)
  18 plants
20 creatures vanquished.

Grand Total: 182 creatures vanquished

Notes
Turn   | Place    | Note
-------+----------+-------------------------------------------
     0 | D:1      | Icepheonix32 the Demonspawn Fighter began the quest for the
                  | Orb.
     0 | D:1      | Reached XP level 1. HP: 18/18 MP: 1/1
   368 | D:1      | Gained mutation: You sometimes gain a little power by
                  | taking damage. [demonic ancestry]
   368 | D:1      | Reached XP level 2. HP: 23/24 MP: 2/2
   813 | D:1      | Reached XP level 3. HP: 9/29 MP: 3/3
  1062 | D:1      | Found a faded altar of an unknown god.
  1070 | D:1      | Got Plato's Reference Book on Malediction
  1943 | D:2      | Noticed Terence
  1952 | D:2      | Killed Terence
  1953 | D:2      | Reached skill level 3 in Armour
  1953 | D:2      | Reached XP level 4. HP: 24/35 MP: 4/4
  2526 | D:3      | Noticed a kobold brigand
  2537 | D:3      | Killed a kobold brigand
  2538 | D:3      | Reached skill level 1 in Maces & Flails
  2538 | D:3      | Gained mutation: Your touch may inflict minor irresistible
                  | damage on your foes. [demonic ancestry]
  2538 | D:3      | Reached XP level 5. HP: 19/42 MP: 5/5
  2766 | D:3      | Found a burning altar of Makhleb.
  2766 | D:3      | Noticed a green death
  2792 | D:3      | Noticed a sky beast
  2816 | D:3      | Killed a sky beast
  2817 | D:3      | Reached skill level 4 in Armour
  2817 | D:3      | Reached skill level 1 in Unarmed Combat
  2817 | D:3      | Reached XP level 6. HP: 10/48 MP: 6/6
  3220 | D:3      | Reached skill level 1 in Stealth
  3793 | D:4      | Found a staircase to the Ecumenical Temple.
  3919 | D:4      | Reached skill level 1 in Dodging
  4292 | D:4      | Found a hazy altar of Hepliaklqana.
  4303 | D:4      | Found a shadowy altar of Dithmenos.
  4304 | D:4      | Found a snail-covered altar of Cheibriados.
  4305 | D:4      | Found a basalt altar of Yredelemnul.
  4566 | D:5      | Entered Level 5 of the Dungeon
  4998 | D:5      | Reached XP level 7. HP: 47/54 MP: 7/7
  5303 | D:5      | Identified the +7 whip "Gehar" {vorpal, Str+2}
  5359 | D:5      | Reached skill level 5 in Armour
  5908 | D:6      | Gained mutation: A weak demonic guardian rushes to your
                  | aid. [demonic ancestry]
  5908 | D:6      | Reached XP level 8. HP: 47/61 MP: 8/8
  6010 | D:6      | Reached skill level 5 in Fighting
  6027 | D:6      | Got Sif Muna's Disquisition on Moulding and Snow
  6333 | Temple   | Entered the Ecumenical Temple
  6546 | D:6      | Found a blossoming altar of Fedhas.
  6555 | D:6      | Reached skill level 6 in Armour
  6630 | D:6      | Found a stormy altar of Qazlal.
  6659 | D:6      | Found an ornate altar of the Wu Jian Council.
  7271 | D:6      | Found a sacrificial altar of Ru.
  7664 | D:4      | Became a worshipper of Hepliaklqana the Forgotten
  8038 | D:7      | Found Vuniruh's One-of-a-Kind Rings.
  8038 | D:7      | Noticed a hornet
  8047 | D:7      | Killed a hornet
  8048 | D:7      | Reached skill level 7 in Armour
  8048 | D:7      | Reached XP level 9. HP: 40/69 MP: 9/9
  8210 | D:7      | Bought the ring of Ekoit {Fly rPois Will- Int+7 SInv} for
                  | 481 gold pieces
  9210 | D:8      | Reached skill level 5 in Unarmed Combat
  9215 | D:8      | Reached skill level 8 in Armour
  9218 | D:8      | HP: 3/71 [yak (3)]
  9220 | D:8      | Slain by a yak

Illustrated notes

Levels and vault maps discovered:
D:1:      lemuel_arrival_funnel, layout_loops_ring,
          shapermc_ecumenical_altar_rom_forum
D:2:      layout_basic, minmay_goblin_kobold_house, uniq_terence
D:3:      layout_loops_cross, makhleb_altar_promises_db
D:4:      layout_cave_pools, mainiacjoe_overflow_alcove_3,
          minmay_temple_entry_from_below_a, kennysheep_orc_chapel
D:5:      layout_loops_corners, tso_metal_star
D:6:      layout_rooms, grunt_temple_overflow_forces_of_nature,
          nicolae_ru_path_of_blood, mainiacjoe_overflow_paths,
          serial_corexii_hall, corexii_hall_statues_l,
          chequers_hall_statues_corner_a, hangedman_decor_push, glass_columns_a
D:7:      layout_rooms, palyth_stone_intersect, nicolae_shop_unique_rings,
          nicolae_grassy_gnolls
D:8:      layout_cave_pools, lemuel_round_altar, enter_bailey_4,
          grunt_decor_junction, hangedman_misty_isle
Temple:   kb_temple_of_zot

Skill      XL: |  1  2  3  4  5  6  7  8  9 |
---------------+----------------------------+-----
Axes           | 2 |  2.9
Armour         | 3 4 5 7 8 |  8.0
Shields        | 3 4 |  4.0
Maces & Flails | 1 |  1.7
Unarmed Combat | 1 2 3 4 5 |  5.1
Stealth        | 1 2 |  2.3
Fighting       | 4 6 |  6.6
Dodging        | 1 2 3 |  3.5

Action                   |  1- 3 |  4- 6 |  7- 9 || total
-------------------------+-------+-------+-------++-------
Melee: War axe           |    52 |       |       ||    52
       Flail             |    39 |   177 |    29 ||   245
       Whip              |       |       |   235 ||   235
       Touch             |       |       |    26 ||    26
       Punch             |       |       |     4 ||     4
Throw: Dart              |       |       |     1 ||     1
  Use: Potion            |       |     1 |     7 ||     8
       Scroll            |       |     2 |     7 ||     9
Armor: Scale mail        |    74 |   115 |   137 ||   326
       Skin              |       |       |    40 ||    40
Dodge: Dodged            |    44 |    77 |   145 ||   266
Block: Buckler           |    31 |    36 |    15 ||    82
